 Dungeon Crawl Stone Soup version 0.27-a0-423-gf312af23e9 (webtiles) character file.

Game seed: 965966850881051177

32 jasper the Bolt Thrower (level 3, -6/26 HPs)
             Began as a Demonspawn Arcane Marksman on Feb 26, 2021.
             Mangled by a kobold
             ... wielding a +1 short sword of flaming
              (7 damage)
             ... on level 1 of the Dungeon.
             The game lasted 00:01:11 (453 turns).

jasper the Bolt Thrower (Demonspawn Arcane Marksman) Turns: 453, Time: 00:01:11

Health: -6/26      AC:  2    Str: 11    XL:     3   Next: 10%
Magic:  4/4        EV: 12    Int: 14    God:
Gold:   0          SH:  0    Dex: 13    Spells: 3/4 levels left

rFire    . . .     SeeInvis .   (no weapon)
rCold    . . .     Faith    .   (no shield)
rNeg     . . .     Spirit   .   e - +0 robe
rPois    .         Reflect  .   (no helmet)
rElec    .         Harm     .   (no cloak)
rCorr    .         Rampage  .   (no gloves)
Will     .....                  (no boots)
Stlth    +.........             (no amulet)
HPRegen  0.08/turn              (no ring)
MPRegen  0.09/turn              (no ring)

@: no status effects
A: powered by pain 1
a: no special abilities


You were on level 1 of the Dungeon.
You visited 1 branch of the dungeon, and saw 1 of its levels.

Inventory:

Hand Weapons
 a - a +0 hand crossbow
Armour
 e - a +0 robe (worn)


   Skills:
 - Level 1.0 Fighting
 + Level 3.3 Crossbows
 - Level 1.7 Dodging
 - Level 1.0 Spellcasting
 - Level 3.0 Hexes


You had 3 spell levels left.
You knew the following spells:

 Your Spells              Type           Power        Failure   Level
a - Corona                Hex            10%          8%          1

Your spell library contained the following spells:

 Spells                   Type           Power        Failure   Level
 Slow                     Hex            9%           12%         2
 Inner Flame              Hex/Fire       4%           38%         3
 Portal Projectile        Hex/Tloc       8%           38%         3
 Cause Fear               Hex            4%           58%         4
 Leda's Liquefaction      Hex/Erth       2%           80%         4


Dungeon Overview and Level Annotations

Branches:
Dungeon (1/15)

Altars:


Innate Abilities, Weirdness & Mutations

You sometimes gain a little power by taking damage.


Message History

The kobold burns you.
You take 3 damage, and have 21/26 hp.
You hit the kobold but do no damage.
The kobold is moderately wounded.
The kobold hits you with a +1 short sword of flaming.
The kobold burns you.
You take 5 damage, and have 16/26 hp.
You miss the kobold.
The kobold is moderately wounded.
The kobold hits you with a +1 short sword of flaming.
The kobold burns you.
You take 4 damage, and have 12/26 hp.
You closely miss the kobold.
The kobold is moderately wounded.
The kobold barely misses you.
You aren't carrying any items that you can evoke.
You aren't carrying any potions.
Unknown command.
As you read the scroll labelled AHOYKLIPRE, it crumbles to dust.
You hear a loud clanging noise!
It was a scroll of noise.
The kobold hits you with a +1 short sword of flaming.
The kobold burns you.
* * * LOW HITPOINT WARNING * * *
You take 6 damage, and have 6/26 hp.
MASSIVE DAMAGE!!
As you read the scroll labelled SETWUPH VUMIBU, it crumbles to dust.
It is a scroll of identify.
You don't have any unidentified items.
The kobold hits you with a +1 short sword of flaming.
* * * LOW HITPOINT WARNING * * *
The kobold burns you.
* * * LOW HITPOINT WARNING * * *
You take 3 damage, and have 3/26 hp.
A rat comes into view.
The rat bites you.
* * * LOW HITPOINT WARNING * * *
You take 2 damage, and have 1/26 hp.
The rat barely misses you.
The kobold hits you with a +1 short sword of flaming!
You die...

.#.....#.#
#.....##)..#
.........###
#.###.##.#..
####.......#
#.# #.......
#######.#
#.###.#####.
#.######
#...†.# .
#(.....###
####### .
######.#.. .
#.#.# #@#.#
#K#.# ##r#.#
########....#
.......>....#
########...##
.
##.#####..((
#...(((((.(
#######>...


You could see a kobold and a rat.

Vanquished Creatures
  2 oozes (D:1)
  A dart slug (D:1)
  2 bats (D:1)
  A giant cockroach (D:1)
  3 goblins (D:1)
  A hobgoblin (D:1)
  3 jackals (D:1)
  A frilled lizard (D:1)
  5 kobolds (D:1)
  A rat (D:1)
20 creatures vanquished.

Notes
Turn   | Place    | Note
-------+----------+-------------------------------------------
     0 | D:1      | jasper the Demonspawn Arcane Marksman began the quest for
                  | the Orb.
     0 | D:1      | Reached XP level 1. HP: 15/15 MP: 2/2
    31 | D:1      | Gained mutation: You sometimes gain a little power by
                  | taking damage. [demonic ancestry]
    31 | D:1      | Reached XP level 2. HP: 5/21 MP: 3/3
   432 | D:1      | Reached XP level 3. HP: 26/26 MP: 4/4
   450 | D:1      | HP: 1/26 [rat (2)]
   453 | D:1      | Mangled by a kobold

Illustrated notes

Levels and vault maps discovered:
D:1:      matt_arrival_diagonals, layout_loops_ring

Skill      XL: |  1  2 |
---------------+-------+-----
Crossbows      | 2 3 |  3.3
Fighting       | |  1.0
Dodging        | |  1.7
Spellcasting   | |  1.0
Hexes          | |  3.0

Action                   || total
-------------------------++-------
Melee: Unarmed           ||     4
 Fire: Hand crossbow     ||    48
  Use: Scroll            ||     2
Armor: Robe              ||     2
Dodge: Dodged            ||    25

Table legend: (Time is in decaauts)
 A = Elapsed time spent in this place.
 B = Non-inter-level travel time spent in this place.
 C = Inter-level travel time spent in this place.
 D = Time resting spent in this place.
 E = Time spent auto-exploring this place.
 F = Levels seen in this place.
 G = Mean time per level.
                   A        B        C        D        E       F      G
               +--------+--------+--------+--------+--------+-----+--------+
         Total |    469 |    469 |      0 |     48 |    316 |   1 |  469.0 |
       Dungeon |    469 |    469 |      0 |     48 |    316 |   1 |  469.0 |
               +--------+--------+--------+--------+--------+-----+--------+

Top non-repeatable levels by time:
     D:1: 469 daAuts
